TOP OF THE 1ST |
Daytona Tortugas batting - Pitching for Carolina Mudcats : LHP Suk-joo Sung
|
Pitching: LHP Suk-joo Sung
|
|
Batting: LHB Alvaro Gonzalez
|
0-0: Ball 1-0: Ball 2-0: Foul Ball, location: 2F 2-1: Fly out, F5 (Line Drive, 5, EV 69.4 MPH)
|
Batting: LHB Bob Schmidt
|
0-0: Ball 1-0: Swinging Strike 1-1: Foul Ball, location: 2F 1-2: Ball 2-2: Ball 3-2: Ground out 6-3 (Groundball, 6M, EV 93.1 MPH)
|
Batting: RHB Abel Surraca
|
0-0: Swinging Strike 0-1: Ball 1-1: Ball 2-1: Foul Ball, location: 2F 2-2: Ball 3-2: Ground out 6-3 (Groundball, 6, EV 81.9 MPH)
|
Top of the 1st over - 0 runs, 0 hits, 0 errors, 0 left on base; Daytona 0 - Carolina 0 |
BOTTOM OF THE 1ST |
Carolina Mudcats batting - Pitching for Daytona Tortugas : LHP Robert Duarte
|
Pitching: LHP Robert Duarte
|
|
Batting: RHB Jerry Delgado
|
0-0: Ball 1-0: DOUBLE (Line Drive, 89M, EV 91.3 MPH)
|
Batting: RHB Andres Falcon
|
0-0: Ball 1-0: Ball 2-0: Called Strike 2-1: SINGLE (Groundball, 6D, EV 108.1 MPH) Jerry Delgado to third Runner from 3rd tries for Home, SAFE, throw by CF to home
|
Batting: LHB Miles Peeters
|
0-0: Ball 1-0: Ball 2-0: Called Strike 2-1: Ball 3-1: Reached on error, E4 (Groundball, 4, EV 106.9 MPH) Andres Falcon to second
|
Batting: RHB Jason Andrews
|
0-0: Swinging Strike 0-1: Swinging Strike 0-2: Ball 1-2: Strikes out swinging
|
Batting: RHB Jesse Villa
|
0-0: Ball 1-0: Ball 2-0: Fly out, F2 (Popup, 23F, EV 84.4 MPH)
|
Batting: RHB Joey Arboleda
|
0-0: Swinging Strike 0-1: Foul Ball, location: 2F 0-2: Strikes out swinging
|
Bottom of the 1st over - 1 run, 2 hits, 1 error, 2 left on base; Daytona 0 - Carolina 1 |
TOP OF THE 2ND |
Daytona Tortugas batting - Pitching for Carolina Mudcats : LHP Suk-joo Sung
|
Now in CF: Teruo Nakayama
|
|
Batting: RHB Brent Moody
|
0-0: Foul Ball, location: 2F 0-1: Ball 1-1: Foul Ball, location: 2F 1-2: Foul Ball, location: 2F 1-2: Foul Ball, location: 2F 1-2: Strikes out swinging, 2-3 out at first.
|
Batting: RHB Danny Alvarez
|
0-0: Ball 1-0: Ball 2-0: Foul Ball, location: 2F 2-1: Foul Ball, location: 2F 2-2: Ball 3-2: Base on Balls
|
Batting: LHB Francisco Arroyo
|
0-0: Ball 1-0: SINGLE (Line Drive, 8RS, EV 94.4 MPH) Danny Alvarez to second Runner from 2nd tries for 3rd, SAFE, throw by CF made to third
|
Batting: RHB Travis Robertson
|
0-0: Ball 1-0: Foul Ball, location: 2F 1-1: Called Strike 1-2: Hit by Pitch Francisco Arroyo to second
|
Batting: LHB William Morales
|
0-0: Called Strike 0-1: Ball 1-1: Fly out, F4 (Popup, 4S, EV 70.0 MPH)
|
Batting: RHB Robert Duarte
|
0-0: Called Strike 0-1: Ground out 5-3 (Groundball, 56S, EV 67.5 MPH)
|
Top of the 2nd over - 0 runs, 1 hit, 0 errors, 3 left on base; Daytona 0 - Carolina 1 |
BOTTOM OF THE 2ND |
Carolina Mudcats batting - Pitching for Daytona Tortugas : LHP Robert Duarte
|
Batting: RHB Adrian Gonzalez
|
0-0: Ground out 6-3 (Groundball, 6, EV 78.1 MPH)
|
Batting: RHB Dan Muth
|
0-0: Foul Ball, location: 2F 0-1: Fly out, F9 (Flyball, 9LS, EV 93.1 MPH)
|
Batting: LHB Suk-joo Sung
|
0-0: Foul Ball, location: 2F 0-1: Ball 1-1: Ball 2-1: Foul Ball, location: 2F 2-2: Foul Ball, location: 2F 2-2: SINGLE (Line Drive, 3D, EV 95.6 MPH)
|
Batting: RHB Teruo Nakayama
|
0-0: DOUBLE (Flyball, 89XD, EV 107.5 MPH) Suk-joo Sung to third Runner from 3rd tries for Home, throw by RF and OUT! 9-4-2
|
Bottom of the 2nd over - 0 runs, 2 hits, 0 errors, 1 left on base; Daytona 0 - Carolina 1 |
TOP OF THE 3RD |
Daytona Tortugas batting - Pitching for Carolina Mudcats : LHP Suk-joo Sung
|
Batting: LHB Alvaro Gonzalez
|
0-0: Ball 1-0: Foul Ball, location: 2F 1-1: Foul Ball, location: 2F 1-2: Ball 2-2: Strikes out looking
|
Batting: LHB Bob Schmidt
|
0-0: Called Strike 0-1: Ball 1-1: Foul Ball, location: 2F 1-2: Strikes out looking
|
Batting: RHB Abel Surraca
|
0-0: Called Strike 0-1: Called Strike 0-2: SOLO HOME RUN (Flyball, 78XD, EV 90.0 MPH), Distance : 400 ft
|
Batting: RHB Brent Moody
|
0-0: Called Strike 0-1: Foul Ball, location: 2F 0-2: Strikes out swinging
|
Top of the 3rd over - 1 run, 1 hit, 0 errors, 0 left on base; Daytona 1 - Carolina 1 |
BOTTOM OF THE 3RD |
Carolina Mudcats batting - Pitching for Daytona Tortugas : LHP Robert Duarte
|
Batting: RHB Andres Falcon
|
0-0: Foul Ball, location: 2F 0-1: Ball 1-1: Foul Ball, location: 2F 1-2: Foul Ball, location: 2F 1-2: Reached on error, E2 (Groundball, 15S, EV 72.5 MPH)
|
Batting: LHB Miles Peeters
|
0-0: Swinging Strike 0-1: Foul Ball, location: 2F 0-2: SINGLE (Groundball, 4D, EV 96.3 MPH) Andres Falcon to second Runner from 2nd tries for 3rd, OUT! 8-5
|
Batting: RHB Jason Andrews
|
0-0: Fly out, F9 (Flyball, 89M, EV 88.1 MPH)
|
Batting: RHB Jesse Villa
|
0-0: Ground out 4-3 (Groundball, 4, EV 83.8 MPH)
|
Bottom of the 3rd over - 0 runs, 1 hit, 1 error, 1 left on base; Daytona 1 - Carolina 1 |
TOP OF THE 4TH |
Daytona Tortugas batting - Pitching for Carolina Mudcats : LHP Suk-joo Sung
|
Batting: RHB Danny Alvarez
|
0-0: Ball 1-0: Called Strike 1-1: Foul Ball, location: 2F 1-2: Strikes out looking
|
Batting: LHB Francisco Arroyo
|
0-0: Ball 1-0: Foul Ball, location: 2F 1-1: Called Strike 1-2: Ball 2-2: Fly out, F9 (Flyball, 9LM, EV 95.6 MPH)
|
Batting: RHB Travis Robertson
|
0-0: Ball 1-0: Ground out 4-3 (Groundball, 4, EV 83.8 MPH)
|
Top of the 4th over - 0 runs, 0 hits, 0 errors, 0 left on base; Daytona 1 - Carolina 1 |
BOTTOM OF THE 4TH |
Carolina Mudcats batting - Pitching for Daytona Tortugas : LHP Robert Duarte
|
Batting: RHB Joey Arboleda
|
0-0: Foul Ball, location: 2F 0-1: Ball 1-1: SINGLE (Groundball, 4MD, EV 106.3 MPH) (infield hit)
|
Batting: RHB Adrian Gonzalez
|
0-0: Ball 1-0: Ball 2-0: Ball 3-0: Called Strike 3-1: Swinging Strike 3-2: Foul Ball, location: 2F 3-2: Foul Ball, location: 2F 3-2: Strikes out looking
|
Batting: RHB Dan Muth
|
0-0: Reached on error, E5 (Groundball, 56, EV 105.6 MPH) Joey Arboleda to second
|
Batting: LHB Suk-joo Sung
|
0-0: Bunted foul 0-1: Bunt missed! 0-2: Bunt missed, Strikeout!
|
Batting: RHB Teruo Nakayama
|
0-0: Ball 1-0: Ball 2-0: Called Strike 2-1: Ball 3-1: Called Strike 3-2: SINGLE (Groundball, 4MD, EV 94.4 MPH) Joey Arboleda to third Dan Muth to second Joey Arboleda scores Dan Muth to third
|
Batting: RHB Andres Falcon
|
0-0: Fly out, F6 (Popup, 4MD, EV 61.3 MPH)
|
Bottom of the 4th over - 1 run, 2 hits, 1 error, 2 left on base; Daytona 1 - Carolina 2 |
TOP OF THE 5TH |
Daytona Tortugas batting - Pitching for Carolina Mudcats : LHP Suk-joo Sung
|
Batting: LHB William Morales
|
0-0: Called Strike 0-1: Swinging Strike 0-2: Ball 1-2: SINGLE (Groundball, 6D, EV 110.6 MPH)
|
Batting: RHB Robert Duarte
|
0-0: Bunted foul 0-1: Sac Bunt to 13 - play at first, batter OUT! 1-4 William Morales to second
|
Batting: LHB Alvaro Gonzalez
|
0-0: Called Strike 0-1: Swinging Strike 0-2: Foul Ball, location: 2F 0-2: Strikes out swinging
|
Batting: LHB Bob Schmidt
|
0-0: Ground out 4-3 (Groundball, 4, EV 105.0 MPH)
|
Top of the 5th over - 0 runs, 1 hit, 0 errors, 1 left on base; Daytona 1 - Carolina 2 |
BOTTOM OF THE 5TH |
Carolina Mudcats batting - Pitching for Daytona Tortugas : LHP Robert Duarte
|
Batting: LHB Miles Peeters
|
0-0: Swinging Strike 0-1: Swinging Strike 0-2: Ball 1-2: Strikes out swinging
|
Batting: RHB Jason Andrews
|
0-0: DOUBLE (Line Drive, 89D, EV 98.8 MPH)
|
Batting: RHB Jesse Villa
|
0-0: Swinging Strike 0-1: Foul Ball, location: 2F 0-2: Ball 1-2: Ball 2-2: Foul Ball, location: 2F 2-2: DOUBLE (Line Drive, 9LD, EV 108.1 MPH) Jason Andrews scores
|
Pinch Runner at 2nd Juan Montijo:
|
|
Batting: RHB Joey Arboleda
|
0-0: Swinging Strike 0-1: Ball 1-1: Called Strike 1-2: Ball 2-2: Strikes out swinging
|
Batting: RHB Adrian Gonzalez
|
0-0: DOUBLE (Line Drive, 89D, EV 112.5 MPH) Juan Montijo scores
|
Batting: RHB Dan Muth
|
0-0: Intentional Walk
|
Batting: LHB Suk-joo Sung
|
0-0: Fly out, F8 (Line Drive, 8RM, EV 92.5 MPH)
|
Bottom of the 5th over - 2 runs, 3 hits, 0 errors, 2 left on base; Daytona 1 - Carolina 4 |
TOP OF THE 6TH |
Daytona Tortugas batting - Pitching for Carolina Mudcats : LHP Suk-joo Sung
|
Now at 3B: Juan Montijo
|
|
Batting: RHB Abel Surraca
|
0-0: Ball 1-0: Called Strike 1-1: Foul Ball, location: 2F 1-2: SINGLE (Flyball, 6MD, EV 87.5 MPH)
|
Batting: RHB Brent Moody
|
0-0: Called Strike 0-1: Ball 1-1: Swinging Strike 1-2: Strikes out looking
|
Batting: RHB Danny Alvarez
|
0-0: Ball 1-0: Foul Ball, location: 2F 1-1: Ball 2-1: Foul Ball, location: 2F 2-2: Foul Ball, location: 2F 2-2: SINGLE (Line Drive, 6D, EV 103.1 MPH) Abel Surraca to second
|
Batting: LHB Francisco Arroyo
|
0-0: Called Strike 0-1: Ball 1-1: Reached on error, E6 (Groundball, 6M, EV 81.9 MPH) Abel Surraca to third Danny Alvarez to second
|
Batting: RHB Travis Robertson
|
0-0: Ball 1-0: Ball 2-0: Ball 3-0: Called Strike 3-1: Called Strike 3-2: Foul Ball, location: 2F 3-2: Grounds into fielders choice 6-2 (Groundball, 6, EV 88.1 MPH) Danny Alvarez to third Francisco Arroyo to second
|
Batting: LHB William Morales
|
0-0: Ball 1-0: Ball 2-0: Called Strike 2-1: Ground out 5-3 (Groundball, 56S, EV 63.8 MPH)
|
Top of the 6th over - 0 runs, 2 hits, 1 error, 3 left on base; Daytona 1 - Carolina 4 |
BOTTOM OF THE 6TH |
Carolina Mudcats batting - Pitching for Daytona Tortugas : LHP Robert Duarte
|
Pitching: LHP Rey Ontiveros
|
|
Now in RF: Vic Berg
|
|
Batting: RHB Teruo Nakayama
|
0-0: Swinging Strike 0-1: Foul Ball, location: 2F 0-2: Strikes out swinging
|
Batting: RHB Andres Falcon
|
0-0: Ball 1-0: Ball 2-0: Ball 3-0: Base on Balls
|
Batting: LHB Miles Peeters
|
0-0: Called Strike 0-1: Ball 1-1: Ball 2-1: Ball Andres Falcon steals 2nd base 3-1: Swinging Strike 3-2: Strikes out looking
|
Batting: RHB Jason Andrews
|
0-0: Foul Ball, location: 2F 0-1: Ball 1-1: Foul Ball, location: 2F 1-2: Strikes out swinging
|
Bottom of the 6th over - 0 runs, 0 hits, 0 errors, 1 left on base; Daytona 1 - Carolina 4 |
TOP OF THE 7TH |
Daytona Tortugas batting - Pitching for Carolina Mudcats : LHP Suk-joo Sung
|
Pitching: LHP David Meadows
|
|
Batting: RHB Vic Berg
|
0-0: Called Strike 0-1: Swinging Strike 0-2: Foul Ball, location: 2F 0-2: Strikes out swinging
|
Batting: LHB Alvaro Gonzalez
|
0-0: Ball 1-0: Foul Ball, location: 2F 1-1: DOUBLE (Flyball, 89D, EV 99.4 MPH)
|
Batting: LHB Bob Schmidt
|
0-0: Called Strike 0-1: Swinging Strike 0-2: Ball 1-2: Ball 2-2: Ball 3-2: Foul Ball, location: 2F 3-2: Strikes out swinging
|
Batting: RHB Abel Surraca
|
0-0: Swinging Strike 0-1: Ball 1-1: Ball 2-1: 2-RUN HOME RUN (Flyball, 7LD, EV 88.1 MPH), Distance : 368 ft
|
Batting: RHB Brent Moody
|
0-0: Ball 1-0: Swinging Strike 1-1: Ball 2-1: Ball 3-1: Fly out, F8 (Line Drive, 8LM, EV 96.3 MPH)
|
Top of the 7th over - 2 runs, 2 hits, 0 errors, 0 left on base; Daytona 3 - Carolina 4 |
BOTTOM OF THE 7TH |
Carolina Mudcats batting - Pitching for Daytona Tortugas : LHP Rey Ontiveros
|
Batting: RHB Juan Montijo
|
0-0: Called Strike 0-1: Ball 1-1: Ground out 6-3 (Groundball, 6S, EV 73.1 MPH)
|
Batting: RHB Joey Arboleda
|
0-0: Ball 1-0: Ball 2-0: Called Strike 2-1: SINGLE (Line Drive, 6M, EV 96.3 MPH)
|
Batting: RHB Adrian Gonzalez
|
0-0: Ball 1-0: Fly out, F9 (Flyball, 9LM, EV 85.6 MPH)
|
Batting: RHB Dan Muth
|
0-0: Called Strike 0-1: Ball 1-1: Fly out, F9 (Flyball, 9D, EV 73.1 MPH)
|
Bottom of the 7th over - 0 runs, 1 hit, 0 errors, 1 left on base; Daytona 3 - Carolina 4 |
TOP OF THE 8TH |
Daytona Tortugas batting - Pitching for Carolina Mudcats : LHP David Meadows
|
Pitching: LHP Sam Toope
|
|
Batting: RHB Danny Alvarez
|
0-0: Called Strike 0-1: SINGLE (Groundball, 4MD, EV 102.5 MPH)
|
Pinch Hitting: RHB George Copping
|
0-0: Ball 1-0: Foul Ball, location: 2F 1-1: Ball 2-1: Called Strike 2-2: Fly out, F8 (Flyball, 8LD, EV 95.0 MPH)
|
Batting: RHB Travis Robertson
|
0-0: Called Strike 0-1: Fly out, F8 (Flyball, 8RM, EV 88.1 MPH)
|
Pinch Hitting: RHB Giambattista Rizzo
|
0-0: Called Strike 0-1: Swinging Strike 0-2: Foul Ball, location: 2F 0-2: Strikes out swinging
|
Top of the 8th over - 0 runs, 1 hit, 0 errors, 1 left on base; Daytona 3 - Carolina 4 |
BOTTOM OF THE 8TH |
Carolina Mudcats batting - Pitching for Daytona Tortugas : LHP Rey Ontiveros
|
Pitching: LHP Alex Villagran
|
|
Now at SS: Frank Brewster
|
|
Pinch Hitting: SHB Elijah Jackson
|
0-0: Called Strike 0-1: Called Strike 0-2: Ball 1-2: Fly out, F7 (Line Drive, 7D, EV 98.1 MPH)
|
Batting: RHB Teruo Nakayama
|
0-0: Called Strike 0-1: Foul Ball, location: 2F 0-2: Ball 1-2: Strikes out swinging
|
Batting: RHB Andres Falcon
|
0-0: Ball 1-0: Ball 2-0: Called Strike 2-1: Ball 3-1: Called Strike 3-2: Foul Ball, location: 2F 3-2: Strikes out swinging
|
Bottom of the 8th over - 0 runs, 0 hits, 0 errors, 0 left on base; Daytona 3 - Carolina 4 |
TOP OF THE 9TH |
Daytona Tortugas batting - Pitching for Carolina Mudcats : LHP Sam Toope
|
Pitching: RHP O.D. Claussen
|
|
Batting: RHB Vic Berg
|
0-0: Ball 1-0: Swinging Strike 1-1: Ground out 1-3 (Groundball, 25, EV 66.9 MPH)
|
Batting: LHB Alvaro Gonzalez
|
0-0: Called Strike 0-1: Ball 1-1: Ball 2-1: Foul Ball, location: 2F 2-2: Ground out U3 (Groundball, 3L, EV 102.5 MPH)
|
Batting: LHB Bob Schmidt
|
0-0: Called Strike 0-1: Swinging Strike 0-2: Ball 1-2: Foul Ball, location: 2F 1-2: Ball 2-2: Foul Ball, location: 2F 2-2: Strikes out swinging
|
Top of the 9th over - 0 runs, 0 hits, 0 errors, 0 left on base; Daytona 3 - Carolina 4 |
|